 Dungeon Crawl Stone Soup version 0.23.2 (webtiles) character file.

Game seed: 15082277334593474722

7292 myga the Grappler (level 10, -5/94 HPs)
             Began as a Troll Monk on Apr 5, 2019.
             Was an Elder of Wu Jian.
             Slain by an ogre
             ... wielding a +0 giant spiked club
              (20 damage)
             ... on level 10 of the Dungeon.
             The game lasted 00:49:53 (7970 turns).

myga the Grappler (Troll Monk)                      Turns: 7970, Time: 00:49:54

Health: -5/94      AC:  9    Str: 21    XL:     10   Next: 89%
Magic:  9/9        EV: 13    Int:  9    God:    Wu Jian [****..]
Gold:   607        SH:  0    Dex: 15    Spells: 9/9 levels left

rFire    x . .     SeeInvis .     - Unarmed
rCold    + . .     Gourm    +   (no shield)
rNeg     + + +     Faith    .   g - +0 animal skin
rPois    .         Spirit   .   (helmet restricted)
rElec    .         Reflect  .   x - scarf {cloud immunity}
rCorr    .         Harm     .   (gloves unavailable)
MR       .....                  (boots unavailable)
Stlth    ++++......             i - amulet of regeneration
HPRegen  1.05/turn              q - ring of Ummyen {rF- rC+ rN+++ Int+3 Stlth+}
MPRegen  0.11/turn              r - +3 ring of protection

@: no status effects
A: large, unfitting armour, claws 3, fast metabolism 3, gourmand, regeneration
1, shaggy fur 1, tough skin 3
a: Wall Jump, Serpent's Lash, Renounce Religion


You were on level 10 of the Dungeon.
You worshipped Wu Jian.
Wu Jian was greatly pleased with you.
You were very full.

You visited 2 branches of the dungeon, and saw 11 of its levels.

You collected 607 gold pieces.

Inventory:

Missiles
 y - 4 tomahawks (quivered)
 C - a throwing net
 F - 2 javelins
Armour
 g - a +0 animal skin (worn)
 x - a scarf of cloud immunity (worn)
 I - a +0 cloak
Jewellery
 c - an uncursed ring of protection from fire
 i - an amulet of regeneration (around neck)
 q - the ring of Ummyen (left claw) {rF- rC+ rN+++ Int+3 Stlth+}
   (You acquired it on level 5 of the Dungeon)

   [ring of intelligence]

   It affects your intelligence (+3).
   It makes you vulnerable to fire.
   It protects you from cold.
   It renders you almost immune to negative energy.
   It makes you more stealthy.
 r - a +3 ring of protection (right claw)
 t - an uncursed ring of see invisible
 H - an uncursed ring of wizardry
Wands
 k - a wand of digging (4)
 l - a wand of random effects (49)
 m - a wand of flame (25)
 p - a wand of enslavement (2)
 s - a wand of polymorph (5)
 w - a wand of acid (4)
Scrolls
 a - a scroll of amnesia
 d - 5 scrolls of remove curse
 e - 2 scrolls of fog
 j - a scroll of fear
 n - 4 scrolls of enchant weapon
 u - 6 scrolls of teleportation
 v - a scroll of immolation
 z - a scroll of noise
 A - a scroll of magic mapping {unknown}
 G - a scroll of enchant armour {unknown}
Potions
 f - 3 potions of flight
 h - a potion of brilliance
 o - 2 potions of heal wounds
 B - a potion of haste
 D - a potion of lignification {unknown}
 E - a potion of mutation {unknown}
 K - a potion of curing
Miscellaneous
 L - a crystal ball of energy
Comestibles
 b - 19 rations


   Skills:
 + Level 4.5 Fighting
 + Level 0.5 Throwing
 + Level 6.3 Dodging
 + Level 4.2 Stealth
 + Level 12.9 Unarmed Combat
 + Level 0.5 Evocations


You had 9 spell levels left.
You didn't know any spells.
Your spell library contained the following spells:

 Spells                   Type           Power        Failure   Level  Hunger
 Poisonous Vapours        Pois/Air       #.....       52%         2    ###....
 Conjure Flame            Conj/Fire      #.......     77%         3    ####...
 Mephitic Cloud           Conj/Pois/Air  #.......     77%         3    ####...
 Freezing Cloud           Conj/Ice/Air   #.........   100%        6    #######
 Ring of Flames           Chrm/Fire      #.........   100%        7    #######


Dungeon Overview and Level Annotations

Branches:
Dungeon (10/15)            Temple (1/1) D:5            Lair (0/6) D:10
    Orc: D:9-12

Altars:
Ashenzari
Cheibriados
Dithmenos
Elyvilon
Fedhas
Gozag
Hepliaklqana
Kikubaaqudgha
Makhleb
Nemelex Xobeh
Okawaru
Qazlal
Ru
Sif Muna
Trog
Uskayaw
Vehumet
Wu Jian
Xom
Yredelemnul
Zin
The Shining One


Innate Abilities, Weirdness & Mutations

You are too large for most types of armour.
You have claws for hands.
Your metabolism is lightning-fast.
You like to eat raw meat.
Your natural rate of healing is unusually fast.
You are covered in fur. (AC +1)
You have extremely tough skin. (AC +3)


Message History

The yak is heavily wounded.
The yak gores you.
* * * LOW HITPOINT WARNING * * *
The orc shouts!
You lunge at the orc.
The ogre shouts!
You scratch the orc. You claw the orc.
You kill the orc!
The Council accepts your kill.
You barely miss the yak. You claw the yak.
The yak is heavily wounded.
Aiming: Wall Jump
Press: ? - help, Dir - move target cursor The ogre hits you with a +0 giant spiked club!!
* * * LOW HITPOINT WARNING * * *
You closely miss the ogre. You scratch the ogre.
The ogre is lightly wounded.
The ogre hits you with a +0 giant spiked club!!
You die...

. #. #......# ..##.
#######.....# .
....$##YrY..Y)....##..
....YZYr#####Y..>.....
#...r.### #......#
##.....r#####.rY...#
......YY...#...Y####
##...#...lr...#O####
##....r....##...@..#
#....#h†#†..###.##......
....###..(...##.# #....
......r......##.. ...
.#.rZ............ .
...YY####....#.#. ...rr#
#.#..#.#.# ..†..#
#.##.#.# ......# #.. ...


You could see 4 yaks, a wyvern, an ogre, a hell rat and a rat.

Vanquished Creatures
  3 death yaks (D:10)
  Maurice (D:9)
  A hippogriff (D:6)
  A yak (D:10)
  A hungry ghost (D:8)
  Edmund (D:4)
  Duvessa (D:7)
  2 porcupines (D:10)
  A water moccasin (D:8)
  An orc warrior (D:9)
  A black bear (D:6)
  A phantom (D:4)
  A sky beast (D:5)
  7 ogres
  The ghost of Lidrolic the Shield-Bearer, an amateur HuFi (D:3)
  A crocodile (D:8)
  A big kobold (D:8)
  5 bullfrogs
  Dowan (D:7)
  A wyvern skeleton (D:10)
  A water moccasin skeleton (D:9)
  A scorpion (D:8)
  6 killer bees (D:7)
  14 wights
  An electric eel (D:6)
  A howler monkey (D:7)
  2 bullfrog zombies
  A crimson imp (D:5)
  A quasit (D:8)
  A jelly (D:9)
  10 orc priests
  A gnoll shaman (D:6)
  2 hounds
  A bullfrog skeleton (D:7)
  3 centaur skeletons (D:8)
  4 orc wizards
  Terence (D:3)
  4 iguanas
  Natasha (twice) (D:4)
  Ijyb (D:3)
  6 worker ants
  A hound skeleton (D:10)
  A howler monkey zombie (D:7)
  Robin (D:3)
  6 adders
  12 gnolls
  A howler monkey skeleton (D:5)
  2 shadow imps (D:8)
  An adder skeleton (D:4)
  5 worms
  4 dart slugs
  A leopard gecko (D:2)
  30 orcs
  3 ball pythons (D:2)
  8 giant cockroaches
  10 goblins
  8 hobgoblins
  8 jackals
  11 kobolds
  3 quokkas
  6 bats
  7 frilled lizards
  A jackal skeleton (D:5)
  A leopard gecko skeleton (D:4)
  2 quokka skeletons
  A quokka zombie (D:7)
  4 rats
235 creatures vanquished.

Notes
Turn   | Place    | Note
-------+----------+-------------------------------------------
     0 | D:1      | myga the Troll Monk began the quest for the Orb.
     0 | D:1      | Reached XP level 1. HP: 22/22 MP: 0/0
   621 | D:1      | Reached XP level 2. HP: 29/29 MP: 1/1
   856 | D:2      | Reached XP level 3. HP: 34/36 MP: 2/2
  1674 | D:3      | Reached skill level 4 in Unarmed Combat
  1674 | D:3      | Reached XP level 4. HP: 42/44 MP: 3/3
  1691 | D:3      | Found a white marble altar of Elyvilon.
  1777 | D:3      | Found a runed translucent door.
  1780 | D:3      | Noticed a bullfrog
  1781 | D:3      | Noticed Lidrolic's ghost (amateur HuFi)
  1787 | D:3      | Noticed Ijyb
  1790 | D:3      | Killed Ijyb
  1880 | D:3      | Noticed Terence
  1886 | D:3      | Killed Terence
  2013 | D:3      | Noticed Robin
  2021 | D:3      | Reached XP level 5. HP: 46/52 MP: 4/4
  2054 | D:3      | Killed Robin
  2527 | D:3      | Reached skill level 5 in Unarmed Combat
  2534 | D:3      | Killed Lidrolic's ghost
  2534 | D:3      | Reached XP level 6. HP: 55/59 MP: 5/5
  2653 | D:4      | Reached skill level 6 in Unarmed Combat
  2760 | D:4      | Noticed Natasha
  2771 | D:4      | Killed Natasha
  2817 | D:4      | You fall through a shaft for 3 floors!
  3018 | D:6      | Reached XP level 7. HP: 50/66 MP: 6/6
  3253 | D:6      | Reached skill level 7 in Unarmed Combat
  3288 | D:6      | Noticed a hippogriff
  3324 | D:6      | Killed a hippogriff
  3327 | D:6      | Reached XP level 8. HP: 70/75 MP: 7/7
  3333 | D:6      | Reached skill level 8 in Unarmed Combat
  3499 | D:5      | Entered Level 5 of the Dungeon
  3524 | D:5      | Found a staircase to the Ecumenical Temple.
  3530 | Temple   | Entered the Ecumenical Temple
  3710 | Temple   | Became a worshipper of the Wu Jian Council
  3710 | Temple   | Reached * piety under Wu Jian
  3710 | Temple   | Reached ** piety under Wu Jian
  3886 | D:5      | Reached skill level 9 in Unarmed Combat
  4071 | D:5      | Found a radiant altar of Vehumet.
  4208 | D:4      | Noticed Edmund
  4218 | D:4      | Killed Edmund
  4218 | D:4      | Reached skill level 5 in Dodging
  4692 | D:4      | Noticed Natasha
  4700 | D:4      | Killed Natasha
  4727 | D:4      | Identified 3 scrolls of acquirement
  5157 | D:5      | Got a scorched silver ring
  5159 | D:5      | Identified the ring of Ummyen {rF- rC+ rN+++ Int+3 Stlth+}
                  | (You acquired it on level 5 of the Dungeon)
  5202 | D:6      | Reached XP level 9. HP: 83/83 MP: 8/8
  5660 | D:7      | Reached *** piety under Wu Jian
  5695 | D:7      | Noticed Duvessa
  5695 | D:7      | Noticed Dowan
  5703 | D:7      | Killed Duvessa
  5712 | D:7      | Killed Dowan
  5864 | D:7      | Reached skill level 10 in Unarmed Combat
  6894 | D:8      | Reached **** piety under Wu Jian
  6906 | D:8      | Reached skill level 11 in Unarmed Combat
  7040 | D:8      | Found an iron altar of Okawaru.
  7135 | D:8      | Reached XP level 10. HP: 93/93 MP: 9/9
  7382 | D:8      | Found a sparkling altar of Nemelex Xobeh.
  7454 | D:8      | Found a shattered altar of Ashenzari.
  7461 | D:8      | Found a hazy altar of Hepliaklqana.
  7514 | D:9      | Noticed Maurice
  7535 | D:9      | Killed Maurice
  7911 | D:10     | Entered Level 10 of the Dungeon
  7911 | D:10     | Noticed a death yak
  7915 | D:10     | Found a staircase to the Lair.
  7915 | D:10     | Noticed a death yak
  7915 | D:10     | Noticed a death yak
  7934 | D:10     | Reached skill level 12 in Unarmed Combat
  7938 | D:10     | Killed a death yak
  7949 | D:10     | Killed a death yak
  7956 | D:10     | Killed a death yak
  7970 | D:10     | Slain by an ogre

Skill      XL: |  1  2  3  4  5  6  7  8  9 10 |
---------------+-------------------------------+-----
Unarmed Combat | 4 5 6 7 9 11 12 | 12.9
Dodging        | 3 4 5 6 |  6.3
Fighting       | 3 4 |  4.5
Stealth        | 2 3 4 |  4.2
Throwing       | |  0.5
Evocations     | |  0.5

Action                   |  1- 3 |  4- 6 |  7- 9 | 10-12 || total
-------------------------+-------+-------+-------+-------++-------
Melee: Unarmed           |   103 |   146 |   366 |   128 ||   743
       Punch             |     1 |     5 |    13 |    10 ||    29
Throw: Tomahawk          |       |       |     4 |       ||     4
Invok: Whirlwind         |       |       |    84 |    13 ||    97
       Lunge             |       |       |    29 |    13 ||    42
       Serpent's Lash    |       |       |       |     2 ||     2
 Abil: Wall Jump         |       |       |    13 |     9 ||    22
Evoke: Wand              |       |     1 |     2 |     2 ||     5
  Use: Scroll            |     7 |       |    10 |     1 ||    18
       Potion            |       |     1 |     2 |       ||     3
 Stab: Sleeping          |     2 |     3 |    11 |     8 ||    24
  Eat: Chunk             |    17 |    11 |    49 |     7 ||    84
       Ration            |     1 |       |       |       ||     1
Armor: Robe              |    40 |    11 |       |       ||    51
       Animal skin       |       |    32 |    87 |    15 ||   134
Dodge: Dodged            |    54 |    69 |   144 |    38 ||   305
